Cogmind - Beta 11.1 @@@ ROGUE MODE // 2022.05.31 @ 21:49:14 Player: ChromeKnight Result: Destroyed by G-34 Mercenary with Small Laser Performance ------------- Evolutions (0) 0 Regions Visited (2) 400 Robots Destroyed (24) 120 Value Destroyed (578) 578 Prototype IDs (0) 0 Alien Tech Used (0) 0 Bonus (0) 0 TOTAL SCORE: 1098 Bonus ------- None Cogmind --------- Core Integrity 0/250 Matter 300/300 Energy 248/250 System Corruption 1% Temperature Cool (6) Movement Rolling (105) Ox1 Location -10/Mines Parts ------- > --- POWER (1) -------- Ion Engine > --- PROPULSION (2) --- Wheel Compact Wheel > --- UTILITY (2) ------ Large Storage Unit Seismic Detector > --- WEAPON (2) ------- Small Laser High-powered Shotgun > --- INVENTORY (15) --- Aluminum Leg Aluminum Leg Aluminum Leg Aluminum Leg Aluminum Leg Aluminum Leg Heat Sink Heat Sink Improved Heat Sink Improved Heat Sink Utility Shielding Utility Shielding Utility Shielding Shock Rifle Ion Cannon Peak State ------------ > --- POWER ------------ Ion Engine > --- PROPULSION ------- Wheel Compact Wheel > --- UTILITY ---------- Large Storage Unit Seismic Detector > --- WEAPON ----------- Small Laser High-powered Shotgun > --- INVENTORY -------- Aluminum Leg Aluminum Leg Aluminum Leg Aluminum Leg Aluminum Leg Aluminum Leg Heat Sink Heat Sink Improved Heat Sink Improved Heat Sink Utility Shielding Utility Shielding Utility Shielding Shock Rifle Ion Cannon [Rating: 11] Favorites ----------- Power Ion Engine Engine Ion Engine Propulsion Wheel Wheel Wheel Utility Large Storage Unit Device Seismic Detector Storage Large Storage Unit Weapon Assault Rifle Energy Gun Small Laser Ballistic Gun Assault Rifle Build | -11 -10 -10 ------- Run | Scr Mat Min Slots Evolved . | . . . Power . | . . . Propulsion . | . . . Utility . | . . . Weapon . | . . . Parts Attached 20 | 6 9 5 Power 4 | 1 2 1 Engine 4 | 1 2 1 Core . | . . . Reactor . | . . . Propulsion 8 | 2 4 2 Treads . | . . . Leg . | . . . Wheel 8 | 2 4 2 Hover . | . . . Flight . | . . . Utility 4 | 1 3 . Device 1 | . 1 . Storage 3 | 1 2 . Processor . | . . . Hackware . | . . . Protection . | . . . Artifact . | . . . Weapon 4 | 2 . 2 Energy Gun 1 | . . 1 Energy Cannon . | . . . Ballistic Gun 3 | 2 . 1 Ballistic Cannon . | . . . Launcher . | . . . Special Weapon . | . . . Impact Weapon . | . . . Slashing Weapon . | . . . Piercing Weapon . | . . . Special Melee Weapon . | . . . Unidentified Prototypes . | . . . Parts Lost 4 | . . 4 Power 1 | . . 1 Propulsion 2 | . . 2 Utility . | . . . Weapon 1 | . . 1 Highest Loss Streak 3 | . . 3 To Critical Strikes . | . . . Average Slot Usage (%) 92 | . 99 86 Engine 13 | . 14 13 Wheel 22 | . 28 17 Device 10 | . 6 14 Storage 17 | . 20 14 Energy Gun 1 | . . 2 Ballistic Gun 25 | . 28 23 Naked Turns . | . . . Heaviest Build 37 | 14 37 31 Greatest Support 26 | 20 26 26 Greatest Overweight (x) 1 | . 1 1 Average Overweight (x) . | . . . Largest Inventory Capacity 15 | 8 15 15 Average Capacity 13 | 7 12 15 Most Carried 15 | 4 15 15 Average Carried 11 | 2 10 14 Final Capacity 15 | 8 15 15 Final Carried 15 | 4 15 15 Class Distribution -------------------- 86% | Mutant 13% | Scavenger-Mutant Dominant Class ---------------- Mutant | -10/Materials Mutant | -10/Mines Resources | -11 -10 -10 ----------- Run | Scr Mat Min Matter Collected 847 | 287 371 189 Remotely . | . . . Salvage Created 838 | 129 484 225 Parts 57 | 12 28 17 Haulers Intercepted 1 | . 1 . Recyclers Shooed 2 | . 2 . Parts Field Recycled . | . . . Retrieved Matter . | . . . Parts Self-Destructed . | . . . Prevented . | . . . Kills | -11 -10 -10 ------- Run | Scr Mat Min Combat Hostiles Destroyed 16 | . 8 8 Guns 16 | . 8 8 Classes Destroyed 6 | 2 3 1 Tunneler 3 | 3 . . Hauler 1 | . 1 . Recycler 2 | 1 1 . Watcher 2 | . 2 . Swarmer 3 | . . 3 Grunt 13 | . 8 5 Best Kill Streak 5 | 3 5 4 Combat Bots Only 4 | . 2 4 Max Kills in Single Turn 1 | 1 1 1 Gunslinging . | . . . Exploded . | . . . Melee . | . . . Uniques/NPCs Destroyed . | . . . Combat | -11 -10 -10 -------- Run | Scr Mat Min Damage Taken 795 | . 386 409 Core 253 | . 105 148 Absorbed by Shields . | . . . Core Remaining (%) 100 | 100 . . Volleys Fired 82 | 11 42 29 Largest 2 | 2 2 2 Hottest 45 | 40 40 45 Shots Fired 147 | 22 84 41 Gun 147 | 22 84 41 Cannon . | . . . Launcher . | . . . Special . | . . . Kinetic 147 | 22 84 41 Thermal . | . . . Explosive . | . . . Electromagnetic . | . . . Robot Hit Streak 9 | 2 9 9 Robot Miss Streak 5 | 3 3 5 Penetration Max . | . . . Secondary Targets 1 | . . 1 Max Gunslinging Chain 1 | . . 1 Shots Hit Robots 91 | 10 53 28 Core Hits 43 | 5 24 14 Critical Kills . | . . . Critical Parts Destroyed . | . . . Critical Strikes . | . . . Melee Attacks . | . . . Impact . | . . . Slashing . | . . . Piercing . | . . . Sneak Attacks . | . . . Combat Hostiles . | . . . Follow-up Attacks . | . . . Damage Inflicted 1373 | 139 692 542 Guns 1372 | 139 692 541 Cannons . | . . . Explosions . | . . . Melee . | . . . Ramming 1 | . . 1 Kinetic 1372 | 139 692 541 Thermal . | . . . Explosive . | . . . Electromagnetic . | . . . Impact . | . . . Slashing . | . . . Piercing . | . . . Highest Corruption 1 | . 1 1 Average Corruption 1 | . 1 1 Corruption Purged . | . . . Corruption Blocked . | . . . Effects 5 | . . 5 Heat Flow Errors 1 | . . 1 Energy Discharges 2 | . . 2 Data Loss (minor) 1 | . . 1 Data Loss (major) 1 | . . 1 Overload Shots . | . . . Overflow Damage . | . . . Projectiles . | . . . Explosions . | . . . Melee . | . . . Knockbacks . | . . . Impact . | . . . Kinetic . | . . . Secondary . | . . . Self-Inflicted Damage . | . . . Shots . | . . . Rammed 1 | . . 1 Targets Rammed 1 | . . 1 Kicked . | . . . Crushed . | . . . Highest Temperature 160 | . 15 160 Average Temperature 36 | . 4 55 Received Heat Transfer 351 | . 210 141 Siege Activations . | . . . Robots Corrupted . | . . . Combat Hostiles . | . . . Parts Fried . | . . . Impact Corruptions . | . . . Robots Melted . | . . . Combat Hostiles . | . . . Parts Melted . | . . . Heat Transferred . | . . . Parts Sabotaged . | . . . Parts Stolen . | . . . Parts Stripped . | . . . Power Chain Reactions . | . . . Missiles Intercepted . | . . . Alert | -11 -10 -10 ------- Run | Scr Mat Min Peak Influence 256 | 20 256 165 Initial 40 | . 13 40 Average 103 | 8 146 82 Maximum Alert Level 1 | . 1 . Low Security (%) 87 | 100 71 100 Level 1 12 | . 28 . Level 2 . | . . . Level 3 . | . . . Level 4 . | . . . Level 5 . | . . . High Security . | . . . Max Security . | . . . Squads Dispatched 1 | . 1 . Investigation . | . . . Extermination . | . . . Reinforcement 1 | . 1 . Assault . | . . . Garrison . | . . . Intercept . | . . . Searches Triggered . | . . . Construction Impeded . | . . . Haulers Reinforced . | . . . Active Scanning Responses . | . . . Cargo Convoy Interrupts . | . . . Stealth | -11 -10 -10 --------- Run | Scr Mat Min Distress Signals 4 | . 3 1 Communications Jammed . | . . . Distress Signals . | . . . Times Spotted 24 | . 13 11 Peak Tracking Total 4 | . 4 3 Tactical Retreats 3 | . 1 2 Traps | -11 -10 -10 ------- Run | Scr Mat Min Traps Triggered 2 | . 1 1 Indirectly . | . . . Trap Hack Attempts . | . . . Triggered . | . . . Disarmed . | . . . Reprogrammed . | . . . Reused . | . . . Traps Extracted . | . . . Installed . | . . . Triggered . | . . . Machines | -11 -10 -10 ---------- Run | Scr Mat Min Machines Disabled . | . . . Max in Single Turn . | . . . Machines Sabotaged . | . . . Garrisons Compromised . | . . . Overloaded Fab Kills . | . . . Hacking | -11 -10 -10 --------- Run | Scr Mat Min Machines Accessed 2 | . 1 1 Terminals 1 | . 1 . Fabricators . | . . . Repair Stations . | . . . Recycling Units . | . . . Scanalyzers . | . . . Garrison Access . | . . . Total Hacks 2 | . 1 1 Successful 2 | . 1 1 Failed . | . . . Catastrophic . | . . . Database Lockouts . | . . . Manual . | . . . Terminals 1 | . 1 . Fabricators . | . . . Repair Stations . | . . . Recycling Units . | . . . Scanalyzers . | . . . Garrison Access . | . . . Terminal Hacks 2 | . 1 1 Open Door 1 | . . 1 Zone Layout 1 | . 1 . Fabricator Hacks . | . . . Repair Station Hacks . | . . . Recycling Unit Hacks . | . . . Scanalyzer . | . . . Garrison Access Hacks . | . . . Unauthorized Hacks . | . . . Terminals . | . . . Fabricators . | . . . Repair Stations . | . . . Recycling Units . | . . . Scanalyzers . | . . . Garrison Access . | . . . Data Cores Recovered . | . . . Used . | . . . Hacking Detections . | . . . Full Trace Events . | . . . Feedback Events . | . . . Feedback Blocked . | . . . Robot Schematics Acquired . | . . . Robots Built . | . . . Authchips . | . . . Time . | . . . Total Robot Build Rating . | . . . Part Schematics Acquired . | . . . Parts Built . | . . . Authchips . | . . . Time . | . . . Total Part Build Rating . | . . . Parts Repaired . | . . . Time . | . . . Parts Recycled . | . . . Recycled Matter . | . . . Retrieved Matter . | . . . Retrieved Components . | . . . Parts Scanalyzed . | . . . Part Schematics Acquired . | . . . Parts Damaged . | . . . Bothacking | -11 -10 -10 ------------ Run | Scr Mat Min Used RIF Installer . | . . . Robots Hacked . | . . . Non-combat . | . . . Combat . | . . . Robot Hacks Applied . | . . . Relay Couplers Released . | . . . Fabnet Peak Effective % . | . . . Robots Rewired . | . . . Allies Hacked . | . . . Hacks Repelled . | . . . Allies | -11 -10 -10 -------- Run | Scr Mat Min Total Allies . | . . . Largest Group . | . . . Highest-Rated Group . | . . . Highest-Rated Ally . | . . . Total Orders . | . . . Ally Attacks . | . . . Total Damage . | . . . Kills . | . . . Allies Corrupted . | . . . Allies Melted . | . . . Intel | -11 -10 -10 ------- Run | Scr Mat Min Robot Analysis Total . | . . . Derelict Logs Recovered 1 | . . 1 Drone Launches . | . . . Drone Recoveries . | . . . Exploration | -11 -10 -10 ------------- Run | Scr Mat Min Turns Passed 1017 | 96 444 477 Spaces Moved 607 | 64 267 276 Core 3 | 3 . . Treads . | . . . Legs . | . . . Wheels 604 | 61 267 276 Hover . | . . . Flight . | . . . Fastest Speed 50 | 50 80 90 Average Speed 100 | 78 96 110 Slowest Speed 115 | 80 105 115 Overloaded Moves . | . . . Propulsion Burnouts . | . . . Robots Hopped . | . . . Cave-ins Triggered . | . . . Exploration Rate (%) 37 | 4 43 66 Regions Visited 2 Branch Regions 1 Pre-discovered Areas . | . . . Known Exits Taken . | . . . Unknown Exits Taken 2 | 1 1 . Scrap Searched . | . . . Spaces Dug . | . . . Terrain Destroyed . | . . . Melee . | . . . Projectile . | . . . AOE . | . . . Terrain Rammed . | . . . Walls Destroyed . | . . . Machines Disabled . | . . . Actions | -11 -10 -10 --------- Run | Scr Mat Min Total 868 | 84 374 410 Wait 122 | . 32 90 Move 605 | 63 266 276 Hop . | . . . Pick Up 24 | 4 15 5 Fast Attach 9 | 6 1 2 Attach 3 | . 1 2 Detach . | . . . Swap 8 | . 7 1 Drop 14 | . 10 4 Fire 82 | 11 42 29 Melee . | . . . Ram 1 | . . 1 Kick . | . . . Crush . | . . . Escape Stasis . | . . . Rewire . | . . . Trap . | . . . Miscellaneous . | . . . Route ------- -11/Scrapyard -10/Materials (discovered 2 exits: [*Mat] / *Min) -10/Mines (discovered 1 exit: [*Mat]) History --------- Turn | Location | Event 2 | -11/Scrapyard | Met Revision 17 11 | -11/Scrapyard | Discovered new exit (range 15) 97 | -11/Scrapyard | Entered Materials 319 | -10/Materials | Discovered new exit (range 11) 326 | -10/Materials | Build established: Mutant 463 | -10/Materials | Discovered new exit (range 7) 541 | -10/Materials | Entered Mines 575 | -10/Mines | Met a Derelict who couldn't figure out how to use a Trap Extractor 730 | -10/Mines | Discovered new exit (range 6) 776 | -10/Mines | Excavation squad dispatched 776 | -10/Mines | A large section of the Mines collapsed 863 | -10/Mines | Core integrity fell below 50% 903 | -10/Mines | Lost 3 parts (1p1n1w) 977 | -10/Mines | Core integrity fell below 20% 1018 | -10/Mines | Destroyed by G-34 Mercenary with Small Laser Last Messages --------------- 00899_ Acquired 11 matter. 00902_ T-07 Excavator is excavating. 00904_ Acquired 43 matter. 00905_ Acquired 32 matter. 00907_ Acquired Aluminum Leg. 00907_ T-07 Excavator is excavating. 00909_ Acquired Aluminum Leg. 00911_ T-07 Excavator is excavating. 00911_ Acquired 17 matter. 00915_ T-07 Excavator is excavating. 00918_ Acquired Sml. Laser. 00920_ T-07 Excavator is excavating. 00930_ Slammed into T-07 Excavator. 00930_ Destabilizing: System interference. 00930_ Sml. Laser temporarily disabled. 00930_ Seismic Detector temporarily disabled. 00930_ Sml. Laser temporarily disabled. 00989_ G-47 Trooper destroyed. 00993_ Acquired 19 matter. 00996_ System corrupted: Substantial component data lost. Map ----- +----------------------------------------------------+ | ????????## ## ##????# ??????? | | ?????#### ##?## """ #??????? | | ###### ### """ #??????? | | """ ##?????? | | #### ### #?????? | | #??# ###?## #?????? | | #??# ##????## ##?????? | | #??## ##??????## ####??????? | | #???## #????????# ##?????????? | | #???## #????????# #??????????? | | #??## #????????# #??????????? | | #?## #????????## ##??????????? | | ### ##?????????## ##???????####? | | #???????????# #??????? #? | | #???????????# #?????? ?? | | ###### ##???????????# #????? """ ?? | | ?????####????????????# ###### """ #? | | ?????????????????????# =%= """ #? | | ?????????????????????# #### # """ #? | | ?????????????????????# #??# #???? #? | | ?????????????????????# #??# #???????? | | ?????????????????????# #??# #???????? | | ?????????????????????# #### #???????? | | ????????????????????? # #???????? | | ?????????????????????#### ####???????? | | ????????????????????????#@#??????????? | | ??????????????????????? #??????????? | | ????????????????????? g ??????????? | | ??????????????????? ??????????? | | ??????????????????# ?????????? | | ??????????????????##t ?????????? | | ???????????????????## ????????? | | ????????????????????## ????????? | | ?????????????????????## ???????? | | ??????????????????????# #???????? | | ?????????????????????? #???????? | | ?????????????????????? #???????? | | ###??????????????????? ##???????? | | ##?????????????????? ##????????? | | #????????????????? ??????????? | | #??????????????????? ??????????? | | #?????????????????????????????????? | | #?????????????????????????????????? | | #??????????????????????????????????? | | #???????????????????????????????????? | | #????????????????????????????????????? | | #????????????????????????????????????? | | #????????????????????????????????????? | | #????????????????????????????????????? | | #????????????????????????????????????? | +----------------------------------------------------+ Best States ------------- Heat Dissipation 25 Energy Generation 10 Energy Capacity 250 Matter Stores 300 Matter Capacity 300 Sight Range 16 Terrain Scan Density 10 Evasion (%) 44 Item Schematics ----------------- None Robot Schematics ------------------ None Fabricated ------------ Nothing Alien Tech Used ----------------- None Achievements -------------- None Challenges ------------ None Game ------ Seed WarpThunderDoomcannon Manual? 0 Play Time 00:09:02 Cumulative 297.2 hours Start 2022.05.31 @ 21:41:11 End 2022.05.31 @ 21:49:14 Sessions 1 Manual Loads 0 Difficulty Rogue Special Mode None Game No. 538 Rogue 383 Adventurer 148 Explorer 7 Win Type - Total 10 Types 8/0/1/1/0/0/0/0/0 Lore% 73 Gallery% 85 Achievement% 66 Wizard Run 0 Options --------- ASCII 0 Keyboard 0 Movement Numpad Keybinds 0 Fullscreen 1 Font 18/SmallcapsGlow Map View 76x50 Tactical HUD 1 Map Filters NONE Filters NONE Steam 1 RUN: dc86204f-34f2-4cdb-9ef7-11c66448fba8